Canadiens vs Canucks

Created - 2 novembre 2018 at 21:16

Goals
1 2 3 T
Canadiens 2 1 1 4
Canucks 1 1 0 2
Shots
1 2 3 T
Canadiens 12 8 14 34
Canucks 14 9 6 29

1st period

1. Canadiens , Auston Matthews 2 (Jordan Eberle 4, Cam Fowler 6) at 0:29
2. Canadiens , Josh Morrissey 2 (Zack Smith 1, Matt Calvert 2) at 1:57
3. Canucks , Jonathan Marchessault 2 (Erik Karlsson 5, Evgeny Kuznetsov 5) at 14:51

Penalties :
No Penalty

2nd period

4. Canadiens , Auston Matthews 3 (Cam Fowler 7, Alexander Edler 4) at 8:51
5. Canucks , William Karlsson 5 (Erik Karlsson 6, Mattias Ekholm 1) at 12:22

Penalties :
Alexander Edler (MTL) for Tripping (Minor) at 0:41

3rd period

6. Canadiens , Marcus Johansson 1 (Cam Fowler 8, Jakob Silfverberg 3) at 11:51

Penalties :
Brenden Dillon (VAN) for Tripping (Minor) at 4:10, Brenden Dillon (VAN) for Interference (Minor) at 8:16, Alexander Edler (MTL) for Goalie Interference (Minor) at 15:45

Goalie Stats

Tuukka Rask (MTL), 27 saves from 29 shots - (0.931), W, 6-3-0, 60:00 minutes
Petr Mrazek (VAN), 30 saves from 34 shots - (0.882), L, 0-2-0, 60:00 minutes

Players Stats for Canadiens

Player Name              G  A  P  +/- PIM S  H  SB GA TA FO     MP     PP MP  PK MP  
------------------------------------------------------------------------------------
Alexander Edler          0  1  1   2  4   0  7  0  0  0  0/0    22:49   2:02   0:00 
Artturi Lehkonen         0  0  0   1  0   0  0  0  0  0  0/0     5:39   0:00   0:00 
Auston Matthews          2  0  2   0  0   5  1  0  0  0  14/25  19:03   1:42   0:16 
Brian Gibbons            0  0  0   0  0   0  0  1  0  0  0/2    13:30   0:00   2:11 
Cam Fowler               0  3  3   2  0   1  1  0  0  0  0/0    24:43   1:56   1:58 
Ivan Provorov            0  0  0  -1  0   3  1  0  0  0  0/0    21:15   2:02   2:38 
Jakob Silfverberg        0  1  1   1  0   3  2  0  0  0  0/2    20:20   2:16   0:03 
John Tavares             0  0  0   1  0   6  1  2  0  0  14/23  20:17   2:16   0:00 
Jordan Eberle            0  1  1   0  0   3  1  0  0  0  0/0    18:47   1:42   0:00 
Josh Morrissey           1  0  1   1  0   2  1  1  0  0  0/0    17:08   1:56   0:32 
Justin Abdelkader        0  0  0   0  0   1  3  0  0  0  0/0    11:19   0:00   0:00 
Marcus Johansson         1  0  1   1  0   3  2  0  0  0  0/1    19:43   1:42   0:00 
Matt Calvert             0  1  1   1  0   2  0  0  0  0  0/0     7:23   0:00   1:44 
Michael Stone            0  0  0   1  0   0  2  2  0  0  0/0    16:00   0:00   1:20 
Nick Shore               0  0  0   0  0   2  0  0  0  0  8/18   13:17   0:00   1:58 
Ron Hainsey              0  0  0  -1  0   0  2  1  0  0  0/0    18:03   0:00   1:28 
Teuvo Teravainen         0  0  0   0  0   0  0  0  0  0  0/1    18:47   1:42   0:00 
Zack Smith               0  1  1   1  0   3  0  0  0  0  5/9     7:57   0:34   1:44 

Players Stats for Canucks

Player Name              G  A  P  +/- PIM S  H  SB GA TA FO     MP     PP MP  PK MP  
------------------------------------------------------------------------------------
Alex Pietrangelo         0  0  0  -2  0   2  0  6  0  0  0/0    25:09   2:08   2:10 
Alexander Wennberg       0  0  0  -1  0   1  1  0  0  0  0/0    13:23   0:00   0:00 
Blake Coleman            0  0  0  -2  0   2  2  0  0  0  0/0    10:36   1:52   2:07 
Brayden Point            0  0  0   0  0   3  1  0  0  0  0/0    19:39   2:06   0:29 
Brenden Dillon           0  0  0   0  4   0  4  1  0  0  0/0    15:04   0:00   0:00 
Charlie Coyle            0  0  0  -1  0   3  2  0  0  0  10/23  15:01   0:00   1:38 
Chris Kreider            0  0  0   1  0   3  0  0  0  0  0/0    16:45   1:29   0:16 
Danton Heinen            0  0  0  -2  0   1  0  0  0  0  1/1     7:14   0:37   0:00 
Erik Karlsson            0  2  2  -1  0   0  1  2  0  0  0/0    25:49   2:08   2:10 
Evander Kane             0  0  0   1  0   1  1  0  0  0  1/2    16:50   1:50   0:00 
Evgeny Kuznetsov         0  1  1   0  0   5  1  1  0  0  10/23  19:10   2:06   0:00 
Johan Larsson            0  0  0  -2  0   2  0  0  0  0  7/16    8:28   0:00   1:51 
Jonathan Marchessault    1  0  1   0  0   1  0  0  0  0  1/1    18:56   1:52   0:00 
Justin Braun             0  0  0   0  0   1  0  3  0  0  0/0    17:55   1:50   1:34 
Kasperi Kapanen          0  0  0  -1  0   0  0  0  0  0  0/1    14:58   0:00   1:35 
Mattias Ekholm           0  1  1   0  0   1  2  3  0  0  0/0    18:30   0:00   1:48 
Troy Stecher             0  0  0  -1  0   0  0  1  0  0  0/0    15:41   0:00   0:14 
William Karlsson         1  0  1   1  0   3  0  0  0  0  10/14  16:52   1:52   0:00 

3 Stars

1 - Auston Matthews (MTL)
2 - Cam Fowler (MTL)
3 - Marcus Johansson (MTL)

Power Play

Canadiens - 0 on 2 Attempt(s) - 0.00%
Canucks - 0 on 2 Attempt(s) - 0.00%

Penalty Kill

Canadiens - 2 on 2 Attempt(s) - 100.00% - Score 0 goal in Penalty Kill
Canucks - 2 on 2 Attempt(s) - 100.00% - Score 0 goal in Penalty Kill

Team Stat

Canadiens - Hits : 24 - Faceoff Wins : 41 - Blocked Shots : 7 - Penalty Minutes : 4
Canucks - Hits : 15 - Faceoff Wins : 40 - Blocked Shots : 17 - Penalty Minutes : 4

Official

Referees : Gord Dwyer and Dave Lewis
Linesman : Steve Barton and Vaughan Rody

Game Notes

No Game Note

Finance

Level 1 -- Attendance: 5552 (85.42%) -- Ticket Income 610 720 $
Level 2 -- Attendance: 5000 (100.00%) -- Ticket Income 375 000 $
Level 3 -- Attendance: 3353 (95.80%) -- Ticket Income 184 415 $
Level 4 -- Attendance: 2666 (91.62%) -- Ticket Income 106 640 $
Luxury Box -- Attendance: 1000 (100.00%) -- Ticket Income 199 000 $
Game was played at the Rogers Arena.
Total Attendance: 17571 (92.92%)
Total Ticket Income: 1 475 775 $
Other Income: 723 130 $
Total Income: 2 198 905 $

% Time on Ice - Canadiens

Lines # - Real PCT - Wanted PCT - Time Play
Normal Forward
1 - 33% - 35% - 17:05
2 - 35% - 35% - 18:01
3 - 22% - 20% - 11:19
4 - 11% - 10% - 5:39
Normal Defense
1 - 37% - 35% - 19:08
2 - 32% - 32% - 16:35
3 - 28% - 28% - 14:49
4 - 3% - 5% - 1:32
PP Forward
1 - 43% - 60% - 1:42
2 - 57% - 40% - 2:16
PP Defense
1 - 51% - 50% - 2:02
2 - 49% - 50% - 1:56
PK Forward
1 - 56% - 55% - 2:14
2 - 44% - 45% - 1:44
PK Defense
1 - 63% - 55% - 2:30
2 - 37% - 45% - 1:28
PK3 Forward
1 - 0% - 60%
2 - 0% - 40%
PK3 Defense
1 - 0% - 55%
2 - 0% - 45%
44 Forward
1 - 0% - 50%
2 - 0% - 50%
44 Defense
1 - 0% - 50%
2 - 0% - 50%
Last Minute Offensive  - 0:00
Last Minute Defensive  - 0:00
Total
Forward - 60:00
Defense - 60:00

% Time on Ice - Canucks

Lines # - Real PCT - Wanted PCT - Time Play
Normal Forward
1 - 33% - 33% - 17:04
2 - 29% - 28% - 15:00
3 - 26% - 25% - 13:23
4 - 13% - 14% - 6:37
Normal Defense
1 - 32% - 33% - 16:42
2 - 30% - 27% - 15:27
3 - 28% - 25% - 14:31
4 - 10% - 15% - 5:24
PP Forward
1 - 53% - 50% - 2:06
2 - 47% - 50% - 1:52
PP Defense
1 - 54% - 60% - 2:08
2 - 46% - 40% - 1:50
PK Forward
1 - 58% - 50% - 2:17
2 - 42% - 50% - 1:41
PK Defense
1 - 45% - 60% - 1:48
2 - 55% - 40% - 2:10
PK3 Forward
1 - 0% - 50%
2 - 0% - 50%
PK3 Defense
1 - 0% - 60%
2 - 0% - 40%
44 Forward
1 - 0% - 50%
2 - 0% - 50%
44 Defense
1 - 0% - 50%
2 - 0% - 50%
Last Minute Offensive  - 0:00
Last Minute Defensive  - 0:00
Total
Forward - 60:00
Defense - 60:00

Play-by-Play

1st period


0:01 of 1st period - Evgeny Kuznetsov wins face-off versus Auston Matthews in neutral zone.
0:29 of 1st period - Shot by Auston Matthews.
0:29 of 1st period - Goal by Auston Matthews - Canadiens : 1 - Canucks : 0.
0:30 of 1st period - William Karlsson wins face-off versus Jakob Silfverberg in neutral zone.
0:49 of 1st period - Shot by Chris Kreider.
0:49 of 1st period - Stopped by Tuukka Rask with a rebound.
1:23 of 1st period - Shot by Charlie Coyle.
1:23 of 1st period - Stopped by Tuukka Rask without a rebound.
1:24 of 1st period - Nick Shore wins face-off versus Johan Larsson in Canadiens zone.
1:26 of 1st period - Icing by Brian Gibbons.
1:27 of 1st period - Nick Shore wins face-off versus Charlie Coyle in Canadiens zone.
1:29 of 1st period - Icing by Justin Abdelkader.
1:30 of 1st period - Charlie Coyle wins face-off versus Nick Shore in Canadiens zone.
1:38 of 1st period - Off-side.
1:39 of 1st period - Zack Smith wins face-off versus Johan Larsson in neutral zone.
1:55 of 1st period - Shot by Zack Smith.
1:55 of 1st period - Stopped by Petr Mrazek with a rebound.
1:57 of 1st period - Shot by Josh Morrissey.
1:57 of 1st period - Goal by Josh Morrissey - Canadiens : 2 - Canucks : 0.
1:58 of 1st period - Auston Matthews wins face-off versus Charlie Coyle in neutral zone.
2:08 of 1st period - Shot by Justin Braun.
2:08 of 1st period - Stopped by Tuukka Rask without a rebound.
2:09 of 1st period - Evgeny Kuznetsov wins face-off versus Nick Shore in Canadiens zone.
2:16 of 1st period - Shot by Brayden Point.
2:16 of 1st period - Stopped by Tuukka Rask with a rebound.
3:23 of 1st period - Shot by Charlie Coyle.
3:23 of 1st period - Shot Misses the Net.
3:25 of 1st period - Shot by Justin Braun.
3:25 of 1st period - Shot Misses the Net.
3:27 of 1st period - Shot by Justin Braun.
3:27 of 1st period - Shot Misses the Net.
3:29 of 1st period - Shot by Kasperi Kapanen.
3:29 of 1st period - Shot Misses the Net.
3:33 of 1st period - Shot by Charlie Coyle.
3:33 of 1st period - Stopped by Tuukka Rask without a rebound.
3:34 of 1st period - John Tavares wins face-off versus William Karlsson in Canadiens zone.
3:53 of 1st period - Shot by John Tavares.
3:53 of 1st period - Shot Misses the Net.
4:01 of 1st period - Shot by Jakob Silfverberg.
4:01 of 1st period - Shot Blocked by Alex Pietrangelo.
4:03 of 1st period - Shot by Marcus Johansson.
4:03 of 1st period - Stopped by Petr Mrazek without a rebound.
4:04 of 1st period - Auston Matthews wins face-off versus Johan Larsson in Canucks zone.
4:11 of 1st period - Teuvo Teravainen is hit by Blake Coleman and loses puck.
4:19 of 1st period - Icing by Alexander Edler.
4:20 of 1st period - Auston Matthews wins face-off versus Evgeny Kuznetsov in Canadiens zone.
4:24 of 1st period - Cam Fowler is hit by Evgeny Kuznetsov and loses puck.
4:41 of 1st period - Shot by Brayden Point.
4:41 of 1st period - Deflect By Evgeny Kuznetsov.
4:41 of 1st period - Shot Misses the Net.
4:43 of 1st period - Shot by Evgeny Kuznetsov.
4:43 of 1st period - Stopped by Tuukka Rask without a rebound.
4:44 of 1st period - John Tavares wins face-off versus Charlie Coyle in Canadiens zone.
4:58 of 1st period - Shot by Ivan Provorov.
4:58 of 1st period - Stopped by Petr Mrazek without a rebound.
4:59 of 1st period - Zack Smith wins face-off versus Evander Kane in Canucks zone.
5:04 of 1st period - Shot by Matt Calvert.
5:04 of 1st period - Stopped by Petr Mrazek with a rebound.
5:17 of 1st period - William Karlsson is hit by Michael Stone and loses puck.
6:12 of 1st period - Shot by Jonathan Marchessault.
6:12 of 1st period - Shot Misses the Net.
6:30 of 1st period - Shot by Brayden Point.
6:30 of 1st period - Stopped by Tuukka Rask without a rebound.
6:31 of 1st period - Johan Larsson wins face-off versus Auston Matthews in Canadiens zone.
6:36 of 1st period - Shot by Blake Coleman.
6:36 of 1st period - Shot Misses the Net.
6:38 of 1st period - Shot by Justin Braun.
6:38 of 1st period - Shot Misses the Net.
6:44 of 1st period - Shot by Danton Heinen.
6:44 of 1st period - Deflect By Blake Coleman.
6:44 of 1st period - Stopped by Tuukka Rask with a rebound.
7:49 of 1st period - Michael Stone is hit by Alexander Wennberg and loses puck.
8:35 of 1st period - Shot by Brayden Point.
8:35 of 1st period - Shot Misses the Net.
8:54 of 1st period - Shot by Jakob Silfverberg.
8:54 of 1st period - Stopped by Petr Mrazek with a rebound.
8:56 of 1st period - Shot by Alexander Edler.
8:56 of 1st period - Shot Misses the Net.
9:37 of 1st period - Evander Kane is hit by Ron Hainsey and loses puck.
9:56 of 1st period - Shot by Chris Kreider.
9:56 of 1st period - Shot Misses the Net.
10:09 of 1st period - Shot by Chris Kreider.
10:09 of 1st period - Stopped by Tuukka Rask without a rebound.
10:10 of 1st period - Auston Matthews wins face-off versus Charlie Coyle in Canadiens zone.
10:15 of 1st period - Erik Karlsson is hit by Jordan Eberle and loses puck.
10:25 of 1st period - Off-side.
10:26 of 1st period - John Tavares wins face-off versus Johan Larsson in neutral zone.
10:34 of 1st period - Mattias Ekholm is hit by Michael Stone and loses puck.
10:45 of 1st period - Shot by Johan Larsson.
10:45 of 1st period - Shot Blocked by Josh Morrissey.
10:47 of 1st period - Shot by Johan Larsson.
10:47 of 1st period - Deflect By Danton Heinen.
10:47 of 1st period - Stopped by Tuukka Rask without a rebound.
10:48 of 1st period - Charlie Coyle wins face-off versus Teuvo Teravainen in Canadiens zone.
10:51 of 1st period - Shot by Kasperi Kapanen.
10:51 of 1st period - Shot Misses the Net.
11:11 of 1st period - Shot by Jordan Eberle.
11:11 of 1st period - Shot Blocked by Justin Braun.
11:23 of 1st period - Shot by Teuvo Teravainen.
11:23 of 1st period - Shot Misses the Net.
12:38 of 1st period - Erik Karlsson is hit by Josh Morrissey and loses puck.
13:16 of 1st period - Shot by Brayden Point.
13:16 of 1st period - Shot Misses the Net.
13:18 of 1st period - Shot by Mattias Ekholm.
13:18 of 1st period - Stopped by Tuukka Rask without a rebound.
13:19 of 1st period - Auston Matthews wins face-off versus Johan Larsson in Canadiens zone.
13:34 of 1st period - Off-side.
13:35 of 1st period - Charlie Coyle wins face-off versus John Tavares in neutral zone.
13:40 of 1st period - Ivan Provorov is hit by Charlie Coyle and loses puck.
14:07 of 1st period - Shot by John Tavares.
14:07 of 1st period - Shot Blocked by Mattias Ekholm.
14:09 of 1st period - Shot by John Tavares.
14:09 of 1st period - Stopped by Petr Mrazek without a rebound.
14:10 of 1st period - Auston Matthews wins face-off versus Evgeny Kuznetsov in Canucks zone.
14:25 of 1st period - Shot by Auston Matthews.
14:25 of 1st period - Stopped by Petr Mrazek without a rebound.
14:26 of 1st period - Zack Smith wins face-off versus William Karlsson in Canucks zone.
14:26 of 1st period - Michael Stone is hit by Brenden Dillon and loses puck.
14:39 of 1st period - Shot by William Karlsson.
14:39 of 1st period - Stopped by Tuukka Rask without a rebound.
14:40 of 1st period - Auston Matthews wins face-off versus Evgeny Kuznetsov in Canadiens zone.
14:40 of 1st period - Jordan Eberle is hit by Brayden Point and loses puck.
14:51 of 1st period - Shot by Jonathan Marchessault.
14:51 of 1st period - Goal by Jonathan Marchessault - Canadiens : 2 - Canucks : 1.
14:52 of 1st period - Johan Larsson wins face-off versus John Tavares in neutral zone.
14:54 of 1st period - Off-side.
14:55 of 1st period - Auston Matthews wins face-off versus Evgeny Kuznetsov in neutral zone.
15:13 of 1st period - Off-side.
15:14 of 1st period - Danton Heinen wins face-off versus John Tavares in neutral zone.
17:27 of 1st period - Shot by Brayden Point.
17:27 of 1st period - Stopped by Tuukka Rask without a rebound.
17:28 of 1st period - Charlie Coyle wins face-off versus Zack Smith in Canadiens zone.
17:43 of 1st period - Shot by Matt Calvert.
17:43 of 1st period - Stopped by Petr Mrazek without a rebound.
17:44 of 1st period - Johan Larsson wins face-off versus Jakob Silfverberg in Canucks zone.
17:44 of 1st period - Johan Larsson is hit by Jakob Silfverberg.
18:08 of 1st period - Shot by Marcus Johansson.
18:08 of 1st period - Shot Misses the Net.
18:17 of 1st period - Shot by Jakob Silfverberg.
18:17 of 1st period - Deflect By John Tavares.
18:17 of 1st period - Stopped by Petr Mrazek without a rebound.
18:18 of 1st period - Nick Shore wins face-off versus Evgeny Kuznetsov in Canucks zone.
18:18 of 1st period - Nick Shore is hit by Brenden Dillon.
18:42 of 1st period - Shot by Nick Shore.
18:42 of 1st period - Stopped by Petr Mrazek without a rebound.
18:43 of 1st period - Auston Matthews wins face-off versus Kasperi Kapanen in Canucks zone.
19:56 of 1st period - Off-side.
19:57 of 1st period - Evgeny Kuznetsov wins face-off versus Brian Gibbons in neutral zone.
Goals for this period are 2 for Canadiens vs 1 for Canucks.
Shots for this period are 12 for Canadiens vs 14 for Canucks.

2nd period


0:01 of 2nd period - Evgeny Kuznetsov wins face-off versus Auston Matthews in neutral zone.
0:41 of 2nd period - Minor Penalty to Alexander Edler for Tripping.
0:42 of 2nd period - William Karlsson wins face-off versus Nick Shore in Canadiens zone.
1:12 of 2nd period - Off-side.
1:13 of 2nd period - Evgeny Kuznetsov wins face-off versus Zack Smith in neutral zone.
2:10 of 2nd period - Icing by Justin Braun.
2:11 of 2nd period - William Karlsson wins face-off versus Zack Smith in Canucks zone.
2:59 of 2nd period - Shot by Charlie Coyle.
2:59 of 2nd period - Shot Blocked by Michael Stone.
3:26 of 2nd period - Icing by Josh Morrissey.
3:27 of 2nd period - William Karlsson wins face-off versus John Tavares in Canadiens zone.
4:06 of 2nd period - Shot by Auston Matthews.
4:06 of 2nd period - Shot Misses the Net.
4:24 of 2nd period - Icing by Mattias Ekholm.
4:25 of 2nd period - Nick Shore wins face-off versus William Karlsson in Canucks zone.
4:25 of 2nd period - Alexander Edler is hit by Mattias Ekholm and loses puck.
4:38 of 2nd period - Shot by Justin Abdelkader.
4:38 of 2nd period - Shot Misses the Net.
4:44 of 2nd period - Shot by Justin Abdelkader.
4:44 of 2nd period - Shot Misses the Net.
5:14 of 2nd period - Shot by Jonathan Marchessault.
5:14 of 2nd period - Deflect By Evgeny Kuznetsov.
5:14 of 2nd period - Stopped by Tuukka Rask with a rebound.
5:17 of 2nd period - Evgeny Kuznetsov is hit by Alexander Edler and loses puck.
5:32 of 2nd period - Shot by Brayden Point.
5:32 of 2nd period - Shot Misses the Net.
5:34 of 2nd period - Shot by Alex Pietrangelo.
5:34 of 2nd period - Stopped by Tuukka Rask without a rebound.
5:35 of 2nd period - John Tavares wins face-off versus Charlie Coyle in Canadiens zone.
5:56 of 2nd period - Justin Braun is hit by Marcus Johansson and loses puck.
6:43 of 2nd period - Icing by Alex Pietrangelo.
6:44 of 2nd period - Zack Smith wins face-off versus Johan Larsson in Canucks zone.
7:17 of 2nd period - Shot by Artturi Lehkonen.
7:17 of 2nd period - Shot Blocked by Alex Pietrangelo.
7:19 of 2nd period - Shot by Zack Smith.
7:19 of 2nd period - Stopped by Petr Mrazek without a rebound.
7:20 of 2nd period - Auston Matthews wins face-off versus Evgeny Kuznetsov in Canucks zone.
7:51 of 2nd period - Shot by Auston Matthews.
7:51 of 2nd period - Shot Blocked by Erik Karlsson.
8:01 of 2nd period - Shot by Evgeny Kuznetsov.
8:01 of 2nd period - Stopped by Tuukka Rask without a rebound.
8:02 of 2nd period - John Tavares wins face-off versus William Karlsson in Canadiens zone.
8:40 of 2nd period - Shot by Ivan Provorov.
8:40 of 2nd period - Stopped by Petr Mrazek without a rebound.
8:41 of 2nd period - Charlie Coyle wins face-off versus Nick Shore in Canucks zone.
8:43 of 2nd period - Icing by Erik Karlsson.
8:44 of 2nd period - Auston Matthews wins face-off versus Charlie Coyle in Canucks zone.
8:51 of 2nd period - Shot by Auston Matthews.
8:51 of 2nd period - Goal by Auston Matthews - Canadiens : 3 - Canucks : 1.
8:52 of 2nd period - Auston Matthews wins face-off versus Evgeny Kuznetsov in neutral zone.
8:58 of 2nd period - Cam Fowler is hit by Erik Karlsson and loses puck.
9:28 of 2nd period - Icing by Auston Matthews.
9:29 of 2nd period - Auston Matthews wins face-off versus Charlie Coyle in Canadiens zone.
9:51 of 2nd period - Charlie Coyle is hit by John Tavares and loses puck.
10:39 of 2nd period - Shot by William Karlsson.
10:39 of 2nd period - Shot Misses the Net.
10:47 of 2nd period - Shot by Chris Kreider.
10:47 of 2nd period - Stopped by Tuukka Rask without a rebound.
10:48 of 2nd period - Evgeny Kuznetsov wins face-off versus Zack Smith in Canadiens zone.
10:48 of 2nd period - Evgeny Kuznetsov is hit by Alexander Edler.
10:57 of 2nd period - Brayden Point is hit by Alexander Edler and loses puck.
12:00 of 2nd period - Shot by Jordan Eberle.
12:00 of 2nd period - Stopped by Petr Mrazek with a rebound.
12:22 of 2nd period - Shot by William Karlsson.
12:22 of 2nd period - Goal by William Karlsson - Canadiens : 3 - Canucks : 2.
12:23 of 2nd period - John Tavares wins face-off versus Charlie Coyle in neutral zone.
12:56 of 2nd period - Shot by Charlie Coyle.
12:56 of 2nd period - Shot Blocked by Michael Stone.
12:58 of 2nd period - Shot by Alexander Wennberg.
12:58 of 2nd period - Stopped by Tuukka Rask without a rebound.
12:59 of 2nd period - Nick Shore wins face-off versus Johan Larsson in Canadiens zone.
12:59 of 2nd period - Nick Shore is hit by Blake Coleman.
13:09 of 2nd period - Shot by Justin Abdelkader.
13:09 of 2nd period - Shot Blocked by Mattias Ekholm.
13:11 of 2nd period - Shot by Justin Abdelkader.
13:11 of 2nd period - Stopped by Petr Mrazek without a rebound.
13:12 of 2nd period - Evgeny Kuznetsov wins face-off versus Auston Matthews in Canucks zone.
13:38 of 2nd period - Shot by Jordan Eberle.
13:38 of 2nd period - Shot Blocked by Evgeny Kuznetsov.
14:56 of 2nd period - Icing by Josh Morrissey.
14:57 of 2nd period - William Karlsson wins face-off versus Nick Shore in Canadiens zone.
15:19 of 2nd period - Icing by Michael Stone.
15:20 of 2nd period - Charlie Coyle wins face-off versus Nick Shore in Canadiens zone.
16:20 of 2nd period - Shot by Evander Kane.
16:20 of 2nd period - Shot Misses the Net.
16:26 of 2nd period - Shot by Chris Kreider.
16:26 of 2nd period - Shot Hit the Post.
16:36 of 2nd period - Shot by William Karlsson.
16:36 of 2nd period - Stopped by Tuukka Rask without a rebound.
16:37 of 2nd period - Johan Larsson wins face-off versus Auston Matthews in Canadiens zone.
16:55 of 2nd period - Off-side.
16:56 of 2nd period - Zack Smith wins face-off versus Charlie Coyle in neutral zone.
17:05 of 2nd period - Shot by Artturi Lehkonen.
17:05 of 2nd period - Shot Misses the Net.
17:12 of 2nd period - Charlie Coyle is hit by Alexander Edler and loses puck.
17:27 of 2nd period - Shot by Charlie Coyle.
17:27 of 2nd period - Shot Misses the Net.
17:29 of 2nd period - Shot by Kasperi Kapanen.
17:29 of 2nd period - Deflect By Charlie Coyle.
17:29 of 2nd period - Stopped by Tuukka Rask without a rebound.
17:30 of 2nd period - Evgeny Kuznetsov wins face-off versus John Tavares in Canadiens zone.
17:30 of 2nd period - Erik Karlsson is hit by Ivan Provorov and loses puck.
17:51 of 2nd period - Shot by John Tavares.
17:51 of 2nd period - Shot Blocked by Alex Pietrangelo.
17:53 of 2nd period - Shot by John Tavares.
17:53 of 2nd period - Stopped by Petr Mrazek with a rebound.
17:55 of 2nd period - Shot by Jakob Silfverberg.
17:55 of 2nd period - Stopped by Petr Mrazek without a rebound.
17:56 of 2nd period - William Karlsson wins face-off versus Auston Matthews in Canucks zone.
18:14 of 2nd period - Shot by Auston Matthews.
18:14 of 2nd period - Shot Misses the Net.
18:31 of 2nd period - Shot by Auston Matthews.
18:31 of 2nd period - Shot Misses the Net.
18:33 of 2nd period - Shot by Michael Stone.
18:33 of 2nd period - Deflect By Auston Matthews.
18:33 of 2nd period - Shot Misses the Net.
18:50 of 2nd period - Icing by John Tavares.
18:51 of 2nd period - Evgeny Kuznetsov wins face-off versus John Tavares in Canadiens zone.
18:56 of 2nd period - Shot by Evgeny Kuznetsov.
18:56 of 2nd period - Stopped by Tuukka Rask without a rebound.
18:57 of 2nd period - John Tavares wins face-off versus Evgeny Kuznetsov in Canadiens zone.
19:18 of 2nd period - Shot by Marcus Johansson.
19:18 of 2nd period - Shot Misses the Net.
19:20 of 2nd period - Shot by Jakob Silfverberg.
19:20 of 2nd period - Deflect By John Tavares.
19:20 of 2nd period - Stopped by Petr Mrazek without a rebound.
19:21 of 2nd period - Charlie Coyle wins face-off versus Brian Gibbons in Canucks zone.
19:21 of 2nd period - Charlie Coyle is hit by Justin Abdelkader.
Goals for this period are 1 for Canadiens vs 1 for Canucks.
Shots for this period are 8 for Canadiens vs 9 for Canucks.

3rd period


0:01 of 3rd period - Auston Matthews wins face-off versus Evgeny Kuznetsov in neutral zone.
0:40 of 3rd period - Icing by Erik Karlsson.
0:41 of 3rd period - John Tavares wins face-off versus Evgeny Kuznetsov in Canucks zone.
1:01 of 3rd period - Shot by Marcus Johansson.
1:01 of 3rd period - Stopped by Petr Mrazek with a rebound.
1:09 of 3rd period - Shot by John Tavares.
1:09 of 3rd period - Stopped by Petr Mrazek without a rebound.
1:10 of 3rd period - William Karlsson wins face-off versus Nick Shore in Canucks zone.
1:10 of 3rd period - Chris Kreider is hit by Justin Abdelkader and loses puck.
1:14 of 3rd period - Justin Braun is hit by Justin Abdelkader.
1:25 of 3rd period - Off-side.
1:26 of 3rd period - Johan Larsson wins face-off versus Auston Matthews in neutral zone.
1:30 of 3rd period - Justin Braun is hit by Auston Matthews and loses puck.
1:49 of 3rd period - Shot by Blake Coleman.
1:49 of 3rd period - Stopped by Tuukka Rask with a rebound.
2:24 of 3rd period - William Karlsson is hit by Alexander Edler and loses puck.
3:15 of 3rd period - Alexander Wennberg is hit by Jakob Silfverberg and loses puck.
3:51 of 3rd period - Josh Morrissey is hit by Brenden Dillon.
3:56 of 3rd period - Nick Shore is hit by Brenden Dillon and loses puck.
4:10 of 3rd period - Shot by Nick Shore.
4:10 of 3rd period - Stopped by Petr Mrazek without a rebound.
4:10 of 3rd period - Minor Penalty to Brenden Dillon for Tripping.
4:11 of 3rd period - John Tavares wins face-off versus Charlie Coyle in Canucks zone.
4:26 of 3rd period - Shot by Jakob Silfverberg.
4:26 of 3rd period - Shot Misses the Net.
4:28 of 3rd period - Shot by Ivan Provorov.
4:28 of 3rd period - Shot Blocked by Mattias Ekholm.
4:30 of 3rd period - Shot by Alexander Edler.
4:30 of 3rd period - Shot Blocked by Justin Braun.
4:32 of 3rd period - Shot by Alexander Edler.
4:32 of 3rd period - Shot Misses the Net.
6:18 of 3rd period - Off-side.
6:19 of 3rd period - Nick Shore wins face-off versus Evgeny Kuznetsov in neutral zone.
6:24 of 3rd period - Shot by Brian Gibbons.
6:24 of 3rd period - Shot Blocked by Alex Pietrangelo.
6:27 of 3rd period - Icing by Troy Stecher.
6:28 of 3rd period - Nick Shore wins face-off versus Evgeny Kuznetsov in Canucks zone.
7:32 of 3rd period - Matt Calvert is hit by Mattias Ekholm and loses puck.
7:41 of 3rd period - Shot by Zack Smith.
7:41 of 3rd period - Stopped by Petr Mrazek without a rebound.
7:42 of 3rd period - Charlie Coyle wins face-off versus Auston Matthews in Canucks zone.
8:09 of 3rd period - Shot by Teuvo Teravainen.
8:09 of 3rd period - Shot Misses the Net.
8:16 of 3rd period - Minor Penalty to Brenden Dillon for Interference.
8:17 of 3rd period - John Tavares wins face-off versus Charlie Coyle in Canucks zone.
8:30 of 3rd period - Shot by Josh Morrissey.
8:30 of 3rd period - Stopped by Petr Mrazek without a rebound.
8:31 of 3rd period - John Tavares wins face-off versus Johan Larsson in Canucks zone.
8:34 of 3rd period - Shot by Jakob Silfverberg.
8:34 of 3rd period - Shot Blocked by Justin Braun.
8:36 of 3rd period - Shot by John Tavares.
8:36 of 3rd period - Stopped by Petr Mrazek without a rebound.
8:37 of 3rd period - Johan Larsson wins face-off versus Auston Matthews in Canucks zone.
9:08 of 3rd period - Shot by Teuvo Teravainen.
9:08 of 3rd period - Shot Blocked by Erik Karlsson.
9:10 of 3rd period - Shot by Cam Fowler.
9:10 of 3rd period - Stopped by Petr Mrazek with a rebound.
9:12 of 3rd period - Shot by Josh Morrissey.
9:12 of 3rd period - Shot Blocked by Alex Pietrangelo.
10:28 of 3rd period - Justin Abdelkader is hit by Evander Kane and loses puck.
11:41 of 3rd period - Shot by Jordan Eberle.
11:41 of 3rd period - Shot Misses the Net.
11:43 of 3rd period - Shot by Auston Matthews.
11:43 of 3rd period - Stopped by Petr Mrazek without a rebound.
11:44 of 3rd period - John Tavares wins face-off versus Johan Larsson in Canucks zone.
11:47 of 3rd period - Shot by Marcus Johansson.
11:47 of 3rd period - Shot Blocked by Troy Stecher.
11:49 of 3rd period - Shot by Jakob Silfverberg.
11:49 of 3rd period - Shot Misses the Net.
11:51 of 3rd period - Shot by Cam Fowler.
11:51 of 3rd period - Deflect By Marcus Johansson.
11:51 of 3rd period - Goal by Marcus Johansson - Canadiens : 4 - Canucks : 2.
11:52 of 3rd period - Charlie Coyle wins face-off versus John Tavares in neutral zone.
11:55 of 3rd period - Cam Fowler is hit by Charlie Coyle and loses puck.
12:22 of 3rd period - Shot by Kasperi Kapanen.
12:22 of 3rd period - Shot Misses the Net.
12:39 of 3rd period - Icing by Alexander Edler.
12:40 of 3rd period - Evgeny Kuznetsov wins face-off versus John Tavares in Canadiens zone.
12:45 of 3rd period - Shot by Brayden Point.
12:45 of 3rd period - Shot Misses the Net.
13:21 of 3rd period - Shot by Jordan Eberle.
13:21 of 3rd period - Stopped by Petr Mrazek without a rebound.
13:22 of 3rd period - William Karlsson wins face-off versus Nick Shore in Canucks zone.
13:33 of 3rd period - Shot by Chris Kreider.
13:33 of 3rd period - Shot Blocked by Brian Gibbons.
13:35 of 3rd period - Shot by Chris Kreider.
13:35 of 3rd period - Shot Misses the Net.
13:39 of 3rd period - Shot by Evander Kane.
13:39 of 3rd period - Stopped by Tuukka Rask without a rebound.
13:40 of 3rd period - Johan Larsson wins face-off versus Auston Matthews in Canadiens zone.
13:40 of 3rd period - Johan Larsson is hit by Ron Hainsey.
14:14 of 3rd period - Shot by Blake Coleman.
14:14 of 3rd period - Shot Blocked by Ron Hainsey.
14:18 of 3rd period - Shot by Johan Larsson.
14:18 of 3rd period - Stopped by Tuukka Rask with a rebound.
14:20 of 3rd period - Shot by Johan Larsson.
14:20 of 3rd period - Stopped by Tuukka Rask without a rebound.
14:21 of 3rd period - Jonathan Marchessault wins face-off versus Nick Shore in Canadiens zone.
14:30 of 3rd period - Shot by Evgeny Kuznetsov.
14:30 of 3rd period - Stopped by Tuukka Rask without a rebound.
14:31 of 3rd period - Evander Kane wins face-off versus John Tavares in Canadiens zone.
14:31 of 3rd period - Chris Kreider is hit by Alexander Edler and loses puck.
14:34 of 3rd period - Shot by Evander Kane.
14:34 of 3rd period - Shot Misses the Net.
14:36 of 3rd period - Shot by William Karlsson.
14:36 of 3rd period - Shot Blocked by John Tavares.
14:43 of 3rd period - Chris Kreider is hit by Alexander Edler and loses puck.
15:14 of 3rd period - Shot by John Tavares.
15:14 of 3rd period - Shot Misses the Net.
15:45 of 3rd period - Minor Penalty to Alexander Edler for Goalie Interference.
15:46 of 3rd period - William Karlsson wins face-off versus Nick Shore in Canadiens zone.
15:47 of 3rd period - Shot by Alex Pietrangelo.
15:47 of 3rd period - Stopped by Tuukka Rask without a rebound.
15:48 of 3rd period - Nick Shore wins face-off versus Evgeny Kuznetsov in Canadiens zone.
17:35 of 3rd period - Shot by Erik Karlsson.
17:35 of 3rd period - Shot Misses the Net.
17:53 of 3rd period - Shot by Jordan Eberle.
17:53 of 3rd period - Stopped by Petr Mrazek without a rebound.
17:54 of 3rd period - John Tavares wins face-off versus Charlie Coyle in Canucks zone.
17:55 of 3rd period - Shot by Jakob Silfverberg.
17:55 of 3rd period - Stopped by Petr Mrazek without a rebound.
17:56 of 3rd period - John Tavares wins face-off versus Charlie Coyle in Canucks zone.
18:11 of 3rd period - Shot by John Tavares.
18:11 of 3rd period - Shot Blocked by Brenden Dillon.
18:13 of 3rd period - Shot by Ivan Provorov.
18:13 of 3rd period - Stopped by Petr Mrazek without a rebound.
18:14 of 3rd period - William Karlsson wins face-off versus Auston Matthews in Canucks zone.
18:33 of 3rd period - Shot by Auston Matthews.
18:33 of 3rd period - Shot Blocked by Alex Pietrangelo.
18:51 of 3rd period - Shot by Auston Matthews.
18:51 of 3rd period - Stopped by Petr Mrazek without a rebound.
18:52 of 3rd period - Charlie Coyle wins face-off versus Marcus Johansson in Canucks zone.
18:54 of 3rd period - Mattias Ekholm is hit by Marcus Johansson and loses puck.
19:14 of 3rd period - Charlie Coyle is hit by Cam Fowler and loses puck.
19:17 of 3rd period - Shot by Kasperi Kapanen.
19:17 of 3rd period - Deflect By Charlie Coyle.
19:17 of 3rd period - Shot Hit the Post.
19:27 of 3rd period - Shot by Alexander Wennberg.
19:27 of 3rd period - Shot Blocked by John Tavares.
Goals for this period are 1 for Canadiens vs 0 for Canucks.
Shots for this period are 14 for Canadiens vs 6 for Canucks.